 Dungeon Crawl Stone Soup version 0.24.0-41-g2ae2f7f1be (webtiles) character file.

Game seed: 18072861523827957564, levelgen mode: deterministic

7837 Baz the Covert (level 11, -12/69 HPs)
             Began as an Octopode Earth Elementalist on Dec 11, 2019.
             Was a Plaything of Xom.
             Mangled by a two-headed ogre
             ... wielding a +0 giant spiked club
              (29 damage)
             ... on level 10 of the Dungeon.
             The game lasted 00:38:22 (14202 turns).

Baz the Covert (Octopode Earth Elementalist)       Turns: 14202, Time: 00:38:22

Health: -12/69     AC:  1    Str: 11      XL:     11   Next: 21%
Magic:  7/16       EV: 17    Int: 21      God:    Xom [....*.]
Gold:   636        SH:  0    Dex: 12 (13) Spells: 2/17 levels left

rFire    . . .     SeeInvis .   A - +2 dagger (drain)
rCold    + . .     Gourm    .   (no shield)
rNeg     . . .     Faith    +   (helmet restricted)
rPois    +         Spirit   .   g - amulet of faith
rElec    .         Reflect  .   d - +3 ring of evasion
rCorr    .         Harm     .   r - ring of protection from cold
MR       .....                  (no ring)
Stlth    +++++.....             (no ring)
HPRegen  0.21/turn              (no ring)
MPRegen  0.15/turn              (no ring)
                                (no ring)
                                (no ring)

@: no status effects
A: almost no armour, stealthy swim, amphibious, 8 rings, constrict 8, tentacle
spike 1, camouflage 1, clever 1, deterioration 1, frail 1, poison resistance,
screaming 2, strong 1, gelatinous body 1
a: Renounce Religion


You were on level 10 of the Dungeon.
You worshipped Xom.
You were a beloved toy of Xom.
You were not hungry.

You visited 2 branches of the dungeon, and saw 11 of its levels.

You collected 636 gold pieces.

Inventory:

Hand Weapons
 A - a +2 dagger of draining (weapon)
 E - a +0 dagger of draining
Missiles
 b - 162 stones (quivered)
Jewellery
 d - a +3 ring of evasion (left tentacle)
 g - an amulet of faith (around mantle)
 r - a ring of protection from cold (right tentacle)
Wands
 h - a wand of random effects (14)
 m - a wand of enslavement (11)
 u - a wand of iceblast (13)
 v - a wand of flame (21)
 w - a wand of clouds (1)
Scrolls
 a - a scroll of immolation
 l - 5 scrolls of remove curse
 o - 7 scrolls of teleportation
 q - 3 scrolls of amnesia {unknown}
 s - 3 scrolls of enchant weapon {unknown}
 t - a scroll of silence {unknown}
 y - 2 scrolls of magic mapping {unknown}
 z - a scroll of fear {unknown}
 B - 2 scrolls of fog {unknown}
 J - a scroll of blinking {unknown}
 K - a scroll of brand weapon {unknown}
 M - a scroll of acquirement {unknown}
Potions
 e - a potion of lignification
 f - 2 potions of agility
 j - a potion of flight
 k - 6 potions of curing
 n - a potion of ambrosia
 p - a potion of cancellation
 x - 2 potions of degeneration {unknown}
 C - 2 potions of haste
 F - a potion of mutation {unknown}
 I - a potion of resistance {unknown}
Comestibles
 c - 20 rations
 i - 9 chunks of flesh


   Skills:
 + Level 8.2 Fighting
 + Level 6.1 Short Blades
 + Level 3.6 Dodging
 - Level 10.0 Stealth
 - Level 3.5 Spellcasting
 - Level 7.0 Transmutations
 + Level 8.9 Earth Magic


You had 2 spell levels left.
You knew the following spells:

 Your Spells              Type           Power        Failure   Level  Hunger
a - Sandblast             Erth           #####.       1%          1    None
b - Stone Arrow           Conj/Erth      ###...       6%          3    ###....
c - Passwall              Tmut/Erth      #####...     1%          2    ##.....
d - Lee's Rapid Deconstr  Erth           #####.....   9%          5    ######.
e - Petrify               Tmut/Erth      #####...     4%          4    ####...

Your spell library contained the following spells:

 Spells                   Type           Power        Failure   Level  Hunger
 Freeze                   Ice            #...         13%         1    None
 Throw Frost              Conj/Ice       #.....       19%         2    ##.....
 Ozocubu's Armour         Chrm/Ice       #.......     36%         3    ###....
 Summon Ice Beast         Ice/Summ       #.......     77%         4    ####...
 Throw Icicle             Conj/Ice       #.......     77%         4    ####...


Dungeon Overview and Level Annotations

Branches:
Dungeon (10/15)            Temple (1/1) D:6            Lair (0/6) D:9
    Orc (0/2) D:9

Altars:
Ashenzari
Cheibriados
Dithmenos
Elyvilon
Fedhas
Gozag
Hepliaklqana
Kikubaaqudgha
Makhleb
Nemelex Xobeh
Okawaru
Ru
Sif Muna
Trog
Uskayaw
Vehumet
Wu Jian
Xom
Yredelemnul
Zin
The Shining One

Shops:
D:6 *   D:10 !

Annotations:
D:3 exclusion: downstairs
D:4 1 runed translucent door, Crazy Yiuf
D:6 exclusions: adder and 2 centaurs
D:8 exclusion: two-headed ogre, Harold


Innate Abilities, Weirdness & Mutations

You cannot wear most types of armour.
You are very stealthy in the water. (Stealth+)
You are amphibious.
You can wear up to eight rings at the same time.
You can use your tentacles to constrict eight enemies at once.
Your skin changes colour to match your surroundings (Stealth+).
Your rubbery body absorbs attacks. (AC +1, EV +1)
One of your tentacles bears a spike.
Your mind is acute. (Int +2)
Your body sometimes deteriorates upon taking damage.
You are frail. (-10% HP)
Your system is resistant to poisons. (rPois)
You sometimes yell uncontrollably at your foes.
Your muscles are strong. (Str +2)


Message History

Aiming: Sandblast (safe; 1% risk of failure)
Press: ? - help, Shift-Dir - straight line, f/p - two-headed ogre
Aim: a two-headed ogre, wielding a +0 giant spiked club and a +0 giant club (heavily wounded)
The blast of sand hits the two-headed ogre!
The two-headed ogre is severely wounded.
b - 163 stones The two-headed ogre hits you with a +0 giant spiked club!!
The two-headed ogre hits you with a +0 giant club!!
* * * LOW HITPOINT WARNING * * *
Casting: Sandblast (safe; 1% risk of failure)
Confirm with . or Enter, or press ? or * to list all spells.
Aiming: Sandblast (safe; 1% risk of failure)
Press: ? - help, Shift-Dir - straight line, f/p - two-headed ogre
Aim: a two-headed ogre, wielding a +0 giant spiked club and a +0 giant club (severely wounded)
The blast of sand hits the two-headed ogre.
The two-headed ogre is severely wounded.
b - 162 stones The two-headed ogre hits you with a +0 giant spiked club!!
You die...
Xom thinks this is hilarious!

*, .......... ,,##.##.#
*** #!......,,****
#.....#
,.......#########..####
*,***#..............# #
* #.$............#
#####.
####.......#######
.......#..........#
#####..#.##..%..(.#
#####.>#.##.....@.##
.........##.....O..#
*** #..#.#######...# ##
#..#.# #...# .# #..#.#
#...#
.####....#######...#
.##................#
.##.##.#.#######.#.#
.##.##.#.# #.<.#.#


You could see a two-headed ogre.

Vanquished Creatures
  A mana viper (shapeshifter) (D:9)
  2 hornets (D:9)
  4 hippogriffs
  A wraith (D:10)
  A spriggan (D:9)
  Eustachio (D:4)
  8 yaks
  2 hungry ghosts
  A soldier ant (D:9)
  2 porcupines (D:9)
  A water moccasin (D:8)
  3 ice beasts
  2 sky beasts
  2 orc warriors
  A phantom (D:6)
  3 black bears
  2 ogres
  A necrophage (D:7)
  An eye of draining (D:10)
  2 centaurs (D:8)
  10 bullfrogs
  3 scorpions
  A wyvern skeleton (D:9)
  2 howler monkeys (D:6)
  4 crimson imps
  A bullfrog zombie (D:9)
  3 hounds
  2 jellies
  12 orc wizards
  A bullfrog skeleton (D:10)
  3 orc priests
  2 centaur skeletons
  Ijyb (D:4)
  2 iguanas
  Natasha (thrice) (D:3)
  7 worker ants
  2 hound zombies
  A hound skeleton (D:8)
  A howler monkey zombie (D:7)
  2 worker ant zombies
  12 adders
  A shadow imp (D:8)
  An ooze (D:2)
  An adder zombie (D:9)
  2 worms
  4 dart slugs
  5 leopard geckos
  42 orcs
  5 giant cockroaches
  7 goblins
  8 hobgoblins
  8 jackals (D:2)
  8 kobolds
  5 quokkas
  A ball python skeleton (D:4)
  9 bats
  4 frilled lizards
  A jackal skeleton (D:5)
  A quokka skeleton (D:5)
  8 rats
  2 fungi (D:4)
239 creatures vanquished.

Vanquished Creatures (collateral kills)
  2 yaks (D:9)
  A black bear (D:9)
  2 orcs (D:9)
5 creatures vanquished.

Vanquished Creatures (others)
  2 fungi (D:9)
  A plant (D:9)
3 creatures vanquished.

Grand Total: 247 creatures vanquished

Notes
Turn   | Place    | Note
-------+----------+-------------------------------------------
     0 | D:1      | Baz the Octopode Earth Elementalist began the quest for the
                  | Orb.
     0 | D:1      | Reached XP level 1. HP: 11/11 MP: 3/3
   164 | D:1      | Reached skill level 3 in Stealth
   164 | D:1      | Reached XP level 2. HP: 12/18 MP: 5/5
   985 | D:1      | Reached skill level 1 in Fighting
  1247 | D:2      | Reached XP level 3. HP: 23/23 MP: 3/6
  1491 | D:2      | Found a sparkling altar of Nemelex Xobeh.
  1778 | D:2      | Reached XP level 4. HP: 28/28 MP: 4/7
  2015 | D:2      | Found a blossoming altar of Fedhas.
  2149 | D:2      | Reached skill level 4 in Stealth
  2988 | D:3      | Found a glowing golden altar of the Shining One.
  3078 | D:3      | Noticed Natasha
  3085 | D:3      | Killed Natasha
  3085 | D:3      | Reached XP level 5. HP: 34/34 MP: 4/9
  3240 | D:3      | Noticed Natasha
  3330 | D:3      | Killed Natasha
  3336 | D:3      | Noticed Natasha
  3340 | D:3      | Killed Natasha
  3556 | D:3      | Reached XP level 6. HP: 38/41 MP: 5/10
  3562 | D:3      | Reached skill level 5 in Stealth
  4029 | D:4      | Found a hide-covered altar of Uskayaw.
  4029 | D:4      | Noticed a -1 hand axe
  4029 | D:4      | Noticed a +0 dagger
  4029 | D:4      | Noticed Eustachio
  4100 | D:4      | HP: 3/63 [poisoned by a worker ant]
  4105 | D:4      | HP: 2/63 [poisoned by a worker ant]
  4110 | D:4      | HP: 1/63 [poisoned by a worker ant]
  4118 | D:4      | HP: 1/63 [poisoned by a worker ant]
  4506 | D:3      | Learned a level 3 spell: Stone Arrow
  4509 | D:3      | Learned a level 2 spell: Passwall
  4515 | D:3      | Learned a level 5 spell: Lee's Rapid Deconstruction
  4548 | D:4      | Killed Eustachio
  4548 | D:4      | Reached XP level 7. HP: 33/46 MP: 0/12
  4932 | D:4      | Reached skill level 6 in Stealth
  5056 | D:4      | Noticed Ijyb
  5071 | D:4      | Killed Ijyb
  5315 | D:4      | Found a runed translucent door.
  5316 | D:4      | Noticed Crazy Yiuf
  5360 | D:5      | Entered Level 5 of the Dungeon
  5650 | D:5      | Reached skill level 5 in Earth Magic
  5871 | D:5      | Found a glowing silver altar of Zin.
  5920 | D:5      | Reached XP level 8. HP: 44/54 MP: 9/13
  6165 | D:5      | Reached skill level 7 in Stealth
  7187 | D:6      | Found a staircase to the Ecumenical Temple.
  7196 | Temple   | Entered the Ecumenical Temple
  7582 | Temple   | Became a worshipper of Xom of Chaos
  7623 | D:6      | Found Lodiacru's Assorted Antiques.
  7690 | D:6      | Found a shadowy altar of Dithmenos.
  7697 | D:6      | Reached skill level 5 in Fighting
  7922 | D:6      | Reached skill level 8 in Stealth
  8291 | D:7      | Found an ornate altar of the Wu Jian Council.
  8314 | D:7      | Found a bloodstained altar of Trog.
  8370 | D:7      | Reached XP level 9. HP: 49/61 MP: 9/14
  8441 | D:7      | XOM: harmless Necr miscast
  8482 | D:7      | Reached skill level 1 in Short Blades
  8529 | D:7      | XOM: harmless Ice miscast
  8584 | D:7      | XOM: harmless Necr miscast
  8728 | D:7      | XOM is BORED!
  8728 | D:7      | XOM: noise
  8742 | D:7      | XOM: confuse monster(s)
  8883 | D:7      | XOM: scenery: 2 doors open, 1 doors close
  8988 | D:7      | XOM: medium Chrm miscast
  9057 | D:7      | XOM: blink monster(s)
  9113 | D:7      | XOM: butterfly on damage
  9120 | D:7      | XOM: mild Air miscast
  9302 | D:6      | XOM: summons 2 hostile demons
  9354 | D:6      | XOM: medium Erth miscast
  9524 | D:6      | XOM: mild Conj miscast
  9564 | D:8      | XOM: 5-stop teleportation journey
  9579 | D:8      | XOM: silly message
  9614 | D:6      | XOM: summons 2 hostile demons
  9615 | D:6      | Noticed a rust devil
  9623 | D:6      | XOM: destruction
  9630 | D:6      | XOM: mild Air miscast
  9683 | D:6      | XOM: god gift: 18 stones
  9842 | D:6      | XOM: mild Conj miscast
 10018 | D:6      | Reached skill level 9 in Stealth
 10110 | D:7      | XOM: summons friendly crimson imp
 10244 | D:7      | Learned a level 4 spell: Petrify
 10301 | D:7      | XOM is BORED!
 10301 | D:7      | XOM: give mutations
 10301 | D:7      | Gained mutation: Scrolls take you a little longer to read.
                  | [Xom's mischief]
 10301 | D:7      | Gained mutation: You occasionally shout uncontrollably at
                  | your foes. [Xom's mischief]
 10389 | D:8      | Reached skill level 5 in Transmutations
 10392 | D:8      | XOM: summons friendly iron imp
 10793 | D:8      | Noticed a two-headed ogre
 10840 | D:8      | Noticed Harold
 10855 | D:9      | XOM: stat loss: -1 Str (8/9)
 10879 | D:9      | XOM: summons friendly shadow imp
 10893 | D:9      | XOM: polymorph shadow imp -> white imp
 10904 | D:9      | Reached XP level 10. HP: 56/69 MP: 10/15
 10920 | D:9      | XOM: mild Tmut miscast
 10928 | D:9      | Reached skill level 10 in Stealth
 11022 | D:9      | XOM: harmless Chrm miscast
 11037 | D:9      | XOM: mild Ice miscast
 11210 | D:9      | Found a staircase to the Lair.
 11315 | D:9      | XOM: blink monster(s)
 11339 | D:9      | XOM: confuse monster(s)
 11351 | D:9      | XOM: confuse monster(s)
 11580 | D:9      | XOM: confusion (+ monsters)
 11653 | D:9      | Identified the +6 hand axe "Ofekhlie" {flame, rF- Str+2
                  | Int+4 Dex+2}
 11692 | D:9      | XOM: enchant monster (good)
 11742 | D:9      | Found a staircase to the Orcish Mines.
 11947 | D:9      | XOM: cloud trail
 11996 | D:9      | XOM: god gift: scroll labeled XOIBEIMPUZ {god gift}
 12001 | D:9      | XOM: enchant monster (good)
 12300 | D:9      | Found a burning altar of Makhleb.
 12334 | D:9      | XOM: give mutations
 12334 | D:9      | Gained mutation: You are frail. (-10% HP) [Xom's mischief]
 12334 | D:9      | Gained mutation: Your body sometimes deteriorates upon
                  | taking damage. [Xom's mischief]
 12334 | D:9      | Gained mutation: You sometimes yell uncontrollably at your
                  | foes. [Xom's mischief]
 12334 | D:9      | Lost mutation: Scrolls take you a little longer to read.
                  | [Xom's mischief]
 12348 | D:9      | Noticed a glowing shapeshifter
 12348 | D:9      | a hornet changed into a glowing shapeshifter
 12348 | D:9      | XOM: polymorph hornet -> glowing shapeshifter
 12348 | D:9      | Noticed a torpor snail
 12348 | D:9      | a glowing shapeshifter changed into a torpor snail
 12354 | D:9      | Noticed a glowing shapeshifter
 12354 | D:9      | a torpor snail changed into a glowing shapeshifter
 12355 | D:9      | Noticed a mana viper
 12355 | D:9      | a glowing shapeshifter changed into a mana viper
 12364 | D:9      | XOM: confusion
 12367 | D:9      | Killed a mana viper
 12367 | D:9      | Reached skill level 5 in Short Blades
 12555 | D:9      | XOM: harmless Pois miscast
 12557 | D:9      | XOM: harmless Tloc miscast
 12752 | D:10     | Entered Level 10 of the Dungeon
 12756 | D:10     | XOM: potion effect (haste)
 12759 | D:9      | XOM: god gift: 3 rations
 12769 | D:9      | XOM: scenery: create altars
 12913 | D:10     | XOM: cleaving
 12915 | D:10     | XOM: polymorph yak -> spriggan
 12926 | D:9      | XOM: summons 10 friendly demons
 12931 | D:9      | Reached XP level 11. HP: 26/69 MP: 4/16
 13146 | D:9      | XOM: cleaving
 13201 | D:9      | XOM: give mutations
 13201 | D:9      | Gained mutation: Your muscles are strong. (Str +2) [Xom's
                  | grace]
 13201 | D:9      | Gained mutation: Your system is resistant to poisons.
                  | (rPois) [Xom's grace]
 13201 | D:9      | Gained mutation: Your mind is acute. (Int +2) [Xom's grace]
 13395 | D:10     | XOM: summons friendly quasit
 13398 | D:10     | XOM: scenery: create altars
 13782 | D:10     | XOM: 3-stop teleportation journey
 13837 | D:10     | XOM: give mutation
 13837 | D:10     | Gained mutation: One of your tentacles bears a spike.
                  | [Xom's grace]
 13953 | D:10     | Found Decotuyts's Distillery.
 14193 | D:10     | Noticed a two-headed ogre
 14194 | D:10     | XOM: divination: magic mapping
 14202 | D:10     | Mangled by a two-headed ogre

Levels and vault maps discovered:
D:1:      mrwooster_arrival_arrow, layout_basic, hangedman_decor_diamond_cutter
D:2:      layout_basic, old_standard_altar, fedhas_altar_1
D:3:      layout_loops_ring, tso_oasis_becter, first_ration, uniq_natasha
D:4:      layout_basic, dancing_weapons_uskayaw, uniq_ijyb, uniq_eustachio,
          uniq_crazy_yiuf_cottage
D:5:      layout_basic, kennysheep_mini_moat, corexii_item_surrounded_by_moat
D:6:      layout_basic, grunt_dithmenos_shadows, temple_statues, serial_shops,
          shop
D:7:      layout_gridville, overflow_temple_1_default, lemuel_crystal_altar
D:8:      layout_cave_pools, grunt_qazlal_clouds, feat_on_display, uniq_harold
D:9:      layout_big_octagon, makhleb_heckhound_becter,
          due_lair_maze_entry_diamond, hiddenorc2_lemuel,
          hangedman_pestilent_swarm
D:10:     layout_loops_ring, serial_shops, shop
Temple:   oiseaux_autumnal_temple

Skill      XL: |  1  2  3  4  5  6  7  8  9 10 11 |
---------------+----------------------------------+-----
Stealth        | 3 4 5 6 8 9 10 | 10.0
Fighting       | 1 2 3 4 5 6 7 8 |  8.2
Spellcasting   | 3 |  3.5
Earth Magic    | 4 5 6 7 8 |  8.9
Transmutations | 2 4 5 7 |  7.0
Short Blades   | 3 5 6 |  6.1
Dodging        | 3 |  3.6

Action                   |  1- 3 |  4- 6 |  7- 9 | 10-12 || total
-------------------------+-------+-------+-------+-------++-------
Melee: Unarmed           |    61 |    54 |    12 |       ||   127
       Constrict         |    18 |    20 |    31 |    16 ||    85
       Tentacles         |     5 |    12 |    32 |    24 ||    73
       Dagger            |       |    31 |   178 |   138 ||   347
       Kick              |       |       |       |     6 ||     6
 Cast: Sandblast         |    23 |    58 |    79 |   106 ||   266
       Stone Arrow       |       |     2 |     8 |    11 ||    21
       Passwall          |       |       |    14 |     3 ||    17
       Petrify           |       |       |     3 |       ||     3
       Lee's Rapid Decon |       |       |       |     8 ||     8
  Use: Potion            |       |     4 |     2 |     4 ||    10
       Scroll            |       |       |     7 |     5 ||    12
 Stab: Sleeping          |     5 |     8 |    30 |     4 ||    47
       Petrified         |       |       |     2 |       ||     2
       Confused          |       |       |     1 |       ||     1
       Invisible         |       |       |       |     2 ||     2
       Distracted        |       |       |       |     1 ||     1
  Eat: Chunk             |     2 |     9 |    11 |    13 ||    35
       Ration            |       |       |     3 |     1 ||     4
Armor: Skin              |    10 |    17 |    12 |    22 ||    61
Dodge: Dodged            |    66 |    67 |   145 |   122 ||   400
